 Dungeon Crawl Stone Soup version 0.28-a0-819-g6ef7baa362 (webtiles) character file.

Game seed: 5449113703902870286

1234 lunkers the Magician (level 8, 0/62 HPs)
             Began as a Djinni Cinder Acolyte on Nov 9, 2021.
             Was a High Priest of Ignis.
             Slain by a sky beast (5 damage)
             ... on level 4 of the Dungeon.
             The game lasted 00:08:50 (4835 turns).

lunkers the Magician (Djinni Cinder Acolyte)        Turns: 4835, Time: 00:08:50

Health: 0/62       AC:  2    Str: 13    XL:     8   Next: 77%
Gold:   195        EV: 11    Int: 19    God:    Ignis [*****.] SH:  0 Dex:  8

rFire   + + +      SeeInvis .   q - +0 whip (elec)
rCold   x . .      Faith    .   (no shield)
rNeg    . . .      Spirit   .   b - +0 robe
rPois   ∞          Reflect  .   (no helmet)
rElec   .          Harm     .   (no cloak)
rCorr   .          Rampage  .   (no gloves)
Will    .....                   (boots unavailable)
Stlth   +.........              (no amulet)
HPRegen 0.20/turn               (no ring)
MPRegen 0.00/turn               (no ring)

@: flying
A: sickness immunity, fire resistance 2, cold vulnerability 1, float, innate
caster, hp casting, extra vitality 1
a: Renounce Religion, Sea of Fire, Foxfire Swarm, Rising Flame


You were on level 4 of the Dungeon.
You worshipped Ignis.
Ignis was extremely pleased with you.
You visited 1 branch of the dungeon, and saw 5 of its levels.

You collected 195 gold pieces.

Inventory:

Hand Weapons
 a - a -1 short sword of flaming
 q - a +0 whip of electrocution (weapon)
Missiles
 j - 2 throwing nets
Armour
 b - a +0 robe (worn)
Magical Staves
 e - a staff of poison
Jewellery
 c - a ring of poison resistance
 p - a +4 ring of slaying
Wands
 s - a wand of charming (9)
Scrolls
 i - 2 scrolls of enchant weapon {unknown}
 l - a scroll of noise {unknown}
 o - 2 scrolls of teleportation {unknown}
 r - a scroll of fog {unknown}
Potions
 d - a potion of berserk rage {unknown}
 f - a potion of mutation {unknown}
 g - a potion of haste {unknown}
 h - a potion of attraction {unknown}
 k - 2 potions of ambrosia {unknown}
 m - a potion of magic {unknown}
 n - a potion of curing {unknown}


   Skills:
 + Level 6.4 Fighting
 - Level 2.6 Short Blades
 * Level 6.7 Spellcasting


You had 12 spell levels left.
You knew the following spells:

 Your Spells              Type           Power      Damage    Failure   Level
i - Corpse Rot            Necr/Air       64%        N/A       1%          2
o - Slow                  Hex            100%       N/A       1%          1
p - Scorch                Fire           64%        2d8       1%          2
u - Teleport Other        Tloc           32%        N/A       1%          3
Your spell library was empty.

Dungeon Overview and Level Annotations

Branches:
Dungeon (5/15)             Temple (0/1) D:5

Altars:
Uskayaw

Shops:
D:1 :   D:4 !


Innate Abilities, Weirdness & Mutations

You are immune to sickness and miasma.
You are immune to poison.
Your flesh is very heat resistant. (rF++)
You are vulnerable to cold. (rC-)
You float through the air rather than walking.
You learn spells naturally, not from books.
Your magical power is your life essence.
You have superior vitality. (+4 HP)


Message History

The ufetubus's fire resistance burns away.
* * * LOW HITPOINT WARNING * * *
The sky beast hits you.
* * * LOW HITPOINT WARNING * * *
The sky beast shocks you.
* * * LOW HITPOINT WARNING * * *
Unknown command.
The sky beast flickers out of sight!
Deactivating autopickup; reactivate with Ctrl-A.
A sky beast appears from thin air!
Reactivating autopickup.
There is a stone staircase leading up here.
The sky beast hits you.
* * * LOW HITPOINT WARNING * * *
The sky beast shocks you.
* * * LOW HITPOINT WARNING * * *
You fly upwards.
There is a stone staircase leading down here.
Unknown command.
Casting: Scorch (safe; 1% risk of failure)
Press: ? - help, Q - select action, (/) - cycle Dir - look around, f - activate Flames lash the sky beast.
The sky beast is heavily wounded.
The sky beast's fire resistance burns away.
* * * LOW HITPOINT WARNING * * *
The sky beast hits you.
* * * LOW HITPOINT WARNING * * *
The sky beast shocks you.
* * * LOW HITPOINT WARNING * * *
Casting: Scorch (safe; 1% risk of failure)
Press: ? - help, Q - select action, (/) - cycle Dir - look around, f - activate Flames lash the sky beast.
The sky beast is burned terribly!
The sky beast is almost dead.
* * * LOW HITPOINT WARNING * * *
The sky beast flickers out of sight!
Deactivating autopickup; reactivate with Ctrl-A.
Something hits you.
* * * LOW HITPOINT WARNING * * *
Something shocks you.
You die...

##..∩.#+######
###⌠.⌠..###..##
##..........#
##.........#
#........#########
#........##..##..#
####..##...##......#
#....###...##......#
##............@....#
#...........{.....#
#.................#
###################


There were no monsters in sight!

Vanquished Creatures
  Pikel (D:3)
  Sigmund (D:3)
  Pargi (D:3)
  A necrophage (D:4)
  An ogre (D:4)
  A lemure (D:4)
  Blork the orc (D:4)
  A water moccasin skeleton (D:4)
  2 hounds (D:5)
  An orc wizard (D:5)
  A hound skeleton (D:4)
  3 gnolls (D:5)
  4 adders
  3 worms
  9 orcs
  6 bats
  7 endoplasms
  2 giant cockroaches
  7 goblins
  5 hobgoblins
  7 jackals
  2 quokkas
  4 ball pythons
  5 frilled lizards
  4 kobolds
  4 rats
84 creatures vanquished.

Notes
Turn   | Place    | Note
-------+----------+-------------------------------------------
     0 | D:1      | lunkers the Djinni Cinder Acolyte began the quest for the
                  | Orb.
     0 | D:1      | Reached XP level 1. HP: 20/20 MP: 0/0
   166 | D:1      | Reached XP level 2. HP: 7/25 MP: 0/0
   414 | D:1      | Found Leoseut's Book Boutique.
   590 | D:1      | Found a faded altar of an unknown god.
  1331 | D:2      | Reached XP level 3. HP: 18/30 MP: 0/0
  1331 | D:2      | Learned a level 1 spell: Slow
  1894 | D:2      | Reached XP level 4. HP: 23/35 MP: 0/0
  2219 | D:3      | Noticed Sigmund
  2222 | D:3      | Killed Sigmund
  2223 | D:3      | Reached XP level 5. HP: 35/42 MP: 0/0
  2223 | D:3      | Learned a level 2 spell: Corpse Rot
  2223 | D:3      | Reached XP level 6. HP: 40/48 MP: 0/0
  2747 | D:3      | Noticed Pargi
  2764 | D:3      | Killed Pargi
  3318 | D:4      | Noticed a necrophage
  3323 | D:4      | Killed a necrophage
  3324 | D:4      | Reached skill level 5 in Spellcasting
  3324 | D:4      | Reached XP level 7. HP: 46/53 MP: 0/0
  3324 | D:4      | Learned a level 3 spell: Teleport Other
  3381 | D:4      | Noticed Blork the orc
  3388 | D:4      | Killed Blork the orc
  3389 | D:4      | Reached skill level 5 in Fighting
  3619 | D:4      | Found Esama's Distillery.
  3664 | D:4      | Noticed a +0 dagger
  3665 | D:4      | Noticed a +0 dagger
  3668 | D:4      | Found a hide-covered altar of Uskayaw.
  3774 | D:4      | Noticed Pikel
  3826 | D:3      | Killed Pikel
  3827 | D:3      | Reached XP level 8. HP: 9/61 MP: 0/0
  4496 | D:5      | Entered Level 5 of the Dungeon
  4662 | D:5      | Found a staircase to the Ecumenical Temple.
  4835 | D:4      | Slain by a sky beast

Illustrated notes

Levels and vault maps discovered:
D:1:      onia_arrival_mini_spirals, layout_loops_ring,
          ebering_ecumenical_altar_abandoned, serial_shops,
          nicolae_shop_behind_doors, minmay_misc_feat_chi
D:2:      layout_basic, minmay_misc_feat_plants
D:3:      layout_loops_ring, eino_tiny_chamber, uniq_pargi, uniq_sigmund
D:4:      layout_gridville, dancing_weapons_uskayaw, serial_shops,
          shop_fountains, uniq_pikel, uniq_blork_the_orc
D:5:      layout_loops_ring, temple_green, minmay_splitting_lines,
          minmay_fractal_squares_diagonal_5

Skill      XL: |  1  2  3  4  5  6  7 |
---------------+----------------------+-----
Spellcasting   | 3 4 5 6 |  6.7
Fighting       | 4 6 |  6.4
Short Blades   | |  2.6

Action                   |  1- 3 |  4- 6 |  7- 9 || total
-------------------------+-------+-------+-------++-------
Melee: Short sword       |    30 |     1 |       ||    31
 Cast: Scorch            |    33 |    51 |    64 ||   148
       Slow              |       |     1 |       ||     1
 Stab: Sleeping          |     1 |       |       ||     1
Armor: Robe              |    10 |     1 |     5 ||    16
Dodge: Dodged            |    34 |     3 |    11 ||    48

Table legend: (Time is in decaauts)
 A = Elapsed time spent in this place.
 B = Non-inter-level travel time spent in this place.
 C = Inter-level travel time spent in this place.
 D = Time resting spent in this place.
 E = Time spent auto-exploring this place.
 F = Levels seen in this place.
 G = Mean time per level.
                   A        B        C        D        E       F      G
               +--------+--------+--------+--------+--------+-----+--------+
         Total |   4834 |   4735 |     99 |    257 |   3931 |   5 |  966.8 |
       Dungeon |   4834 |   4735 |     99 |    257 |   3931 |   5 |  966.8 |
               +--------+--------+--------+--------+--------+-----+--------+

Top non-repeatable levels by time:
     D:3: 1243 daAuts
     D:1: 1227 daAuts
     D:4: 1035 daAuts
     D:2: 990 daAuts
     D:5: 336 daAuts
